[Event "Romanian Superleague 2022"]
[Site "Oradea"]
[Date "2022.09.24"]
[Round "4.28"]
[White "Rogozenco, Dorian"]
[Black "Parligras, Mircea-Emilian"]
[Result "1/2-1/2"]
[ECO "D38"]
[WhiteElo "2438"]
[BlackElo "2560"]
[Annotator "TA"]
[PlyCount "69"]
[EventDate "2022.09.21"]
[EventType "team-tourn"]
[EventCountry "ROU"]
[SourceTitle "playchess.com"]
[Source "ChessBase"]
[SourceQuality "1"]
[TimeControl "40/5400+30:1800+30"]

1. d4 Nf6 2. c4 e6 3. Nf3 d5 4. Nc3 Bb4 5. Qa4+ Nc6 6. e3 O-O 7. Bd2 dxc4 {[%emt 0:02:35] D38: Queen's Gambit Declined: Ragozin Defence (4 Nf3 Bb4).} 8. Bxc4 a6 9. Qc2 Bd6 10. a3 $1 {[%emt 0:01:36] 10.a3 scores better than 10.0-0.} e5 11. dxe5 Nxe5 12. Nxe5 Bxe5 13. f4 Bxc3 14. Bxc3 Ng4 15. Bd4 c5 16. Bxc5 {[%emt 0:00:19] [#] And now Qb3 would win. This bishop pair is nice.} Re8 $1 17. O-O $1 Nxe3 18. Bxe3 Rxe3 19. Rfe1 Rxe1+ 20. Rxe1 b5 21. Qe4 {[%emt 0:15:23] [#] White threatens Qe8+ and mate.} Bd7 {[%emt 0:00:22] Inhibits Qe8+.} 22. Bd5 Rc8 23. Qe7 {[%emt 0:05:01] [#]} Qxe7 $146 ({Predecessor:} 23... Be8 24. b4 h6 25. Qxd8 Rxd8 26. Bf3 Kf8 27. Rd1 Rxd1+ 28. Bxd1 Bc6 29. Kf2 Ke7 {½-½ (36) Pilgram,K (2184)-Lombart,P (2001) LSS email 2020}) 24. Rxe7 Be6 25. Bxe6 $14 {[%emt 0:00:30][%mdl 4096] Endgame KRB-KR} Rc1+ 26. Kf2 Rc2+ 27. Kf3 fxe6 28. Rxe6 Rxb2 29. Rxa6 {[%emt 0:00:05] KR-KR} Rb3+ 30. Ke4 Rb2 31. Rb6 Rxg2 {[%emt 0:04:49] The position is equal.} 32. Rxb5 Ra2 33. Rb8+ Kf7 34. Rb7+ Kf6 35. Rb6+ {[%emt 0:14:26] Weighted Error Value: White=0.03 (flawless) /Black=0.02 (flawless)} 1/2-1/2

[Event "Romanian Superleague 2022"]
[Site "Oradea"]
[Date "2022.09.24"]
[Round "4.29"]
[White "Gavrilescu, David"]
[Black "Anton, Teodor"]
[Result "1-0"]
[ECO "B30"]
[WhiteElo "2523"]
[BlackElo "2454"]
[Annotator "TA"]
[PlyCount "71"]
[EventDate "2022.09.21"]
[EventType "team-tourn"]
[EventCountry "ROU"]
[SourceTitle "playchess.com"]
[Source "ChessBase"]
[SourceQuality "1"]
[TimeControl "40/5400+30:1800+30"]

1. e4 {[%emt 0:00:11] Finkel,A} c5 2. Nf3 Nc6 3. Bb5 e6 4. Bxc6 bxc6 5. d3 Ne7 6. Nbd2 {[%emt 0:00:36][%cal Bb1d2,Bd2c4,Bc4e5][%mdl 32] B30: Sicilian: 2...Nc6 3 Bb5, lines without ...g6.} Ng6 {[%emt 0:00:28] [#]} (6... d5 $11 {keeps the balance.}) 7. h4 $1 $16 h5 8. e5 $1 {[%emt 0:00:52] White is slightly better.} f6 9. Qe2 Qc7 10. Nc4 Ba6 11. Qe4 Kf7 12. Bf4 {[%emt 0:00:40][%cal Oe5f6] And now exf6! would win.} ({Not} 12. exf6 gxf6 13. Ncd2 d5 $17) 12... Nxf4 13. Qxf4 Kg8 14. Rh3 fxe5 15. Ncxe5 {[%emt 0:04:28] Pair of Knights!} ({But not} 15. Nfxe5 $6 d5 16. O-O-O Bxc4 17. dxc4 Bd6 $11) 15... d6 {[%emt 0:01:21] [#]} 16. Ng6 $36 {[%emt 0:02:46][%mdl 2048] Keeping Black busy.} Rh6 17. Rg3 {[%emt 0:00:34] [#] White is much more active. The black rooks are badly placed.} Qf7 $146 {[%emt 0:07:13] [#]} (17... e5 $16 18. Qg5 Re8) ({Predecessor:} 17... e5 18. Qg5 Rh7 19. Nd2 Re8 20. Ne4 Qd8 21. Nxf8 Rxf8 22. Qxd8 Rxd8 23. Nf6+ Kh8 24. Nxh7 Kxh7 {1-0 (40) Vydeslaver,A (2434)-Mikhalevski,V (2524) Tel Aviv 2002 CBM 093 [Finkel,A]}) 18. Ne7+ $1 $18 Bxe7 19. Qxh6 Rb8 20. b3 Bf6 $2 (20... Rf8 {was called for.} 21. Rg6 Bc8 22. Qxh5 e5) 21. Rd1 Bc3+ 22. Kf1 Rf8 23. Kg1 {[%emt 0:10:16] Black must now prevent Rf1.} Bc8 24. Rf1 {[%emt 0:15:13] Strongly threatening Rg6.} Bd7 25. Qe3 Qf6 26. Rg5 Be8 27. Nd2 {[%emt 0:00:49] aiming for Ne4.} Bxd2 28. Qxd2 Qd4 29. Qe3 e5 30. Qg3 {[%emt 0:00:15] White is clearly winning.} Rf7 31. Rxh5 Re7 32. Rg5 Qc3 33. h5 Kh7 34. Qf3 {[%emt 0:00:05] Threatens to win with Qf8.} Qd2 35. Qf5+ Kg8 36. h6 {[%emt 0:00:05] Black got outplayed after the opening.  Weighted Error Value: White=0.16 (very precise) /Black=0.40} 1-0

[Event "Romanian Superleague 2022"]
[Site "Oradea"]
[Date "2022.09.24"]
[Round "4.30"]
[White "Antal, Hunor-Zoltan"]
[Black "Costachi, Mihnea"]
[Result "0-1"]
[ECO "C70"]
[WhiteElo "2235"]
[BlackElo "2470"]
[Annotator "TA"]
[PlyCount "90"]
[EventDate "2022.09.21"]
[EventType "team-tourn"]
[EventCountry "ROU"]
[SourceTitle "playchess.com"]
[Source "ChessBase"]
[SourceQuality "1"]
[TimeControl "40/5400+30:1800+30"]

1. e4 e5 2. Nf3 Nc6 3. Bb5 a6 4. Ba4 Nge7 5. c3 Ng6 6. O-O {[%emt 0:00:57] C70: Ruy Lopez: 3...a6 4 Ba4, Norwegian and Delayed Schliemann.} d5 7. d4 dxe4 8. Bxc6+ {[%emt 0:11:54] The position is equal.} bxc6 9. Nxe5 Nxe5 (9... Bd6 {with more complications.} 10. Qa4 O-O 11. Nxg6 fxg6 12. Qxc6 Rb8) 10. dxe5 {[%emt 0:00:02] [#]} Qd5 $146 ({Predecessor:} 10... Qxd1 11. Rxd1 Be7 12. Nd2 e3 13. fxe3 Bg4 14. Nf3 Bf5 15. Nd4 Bg4 16. Nf3 Bf5 {½-½ (25) Hayashi,K (1677)-Iglesias,V (1892) ICCF email 2013}) 11. Bf4 Be7 12. Nd2 g5 13. Be3 Bf5 14. Qa4 O-O 15. Rfd1 Qb5 16. Qc4 Rfd8 {[%emt 0:01:19][%cal Od8d2] Threatens to win with ...Rxd2!} 17. a4 Qd5 ({But not} 17... Qxb2 18. h3 $14) 18. Qxd5 (18. b4 {seems wilder.} a5 19. Rdb1 Qxe5 20. Qxc6 Bd6 21. g3) 18... cxd5 19. Nb3 {[%emt 0:01:43] Inhibits c5.} c6 20. Na5 Rdc8 21. b4 Be6 22. Nb3 f6 23. Nd4 (23. Bc5 $14 Kf7 24. Bxe7 Kxe7 25. exf6+ Kf7 26. Nc5) 23... Kf7 24. f4 gxf4 25. Bxf4 c5 26. bxc5 Bxc5 27. exf6 Kxf6 28. Rf1 {[%emt 0:00:33] And now Bd6+ would win.} Kg6 29. Rab1 Bd7 30. Rb7 (30. Be5 $1 $11) 30... Bc6 $36 {[%emt 0:00:26][%mdl 2048] Black is really pushing. This bishop pair is nice. Black continues to play with concentration.} (30... Bxa4 31. Be5 Rf8 32. Rg7+ Kh6 33. h4 $14) 31. Rb2 Bxa4 32. Kh1 (32. Be3 $17 {was called for.}) 32... Bxd4 33. cxd4 Bb5 34. Ra1 Rf8 35. Bd6 Rfd8 36. Bc7 (36. Bf4 $17) 36... Re8 $1 $19 37. Be5 (37. Kg1 $142) 37... e3 {[%emt 0:01:03][%cal Be4e3,Be3e2][%mdl 32] Strongly threatening ...e2.} 38. Rb3 $2 {[%emt 0:00:43] [#]} (38. Kg1 Rac8 39. g3) 38... Rxe5 $1 39. dxe5 {[%emt 0:00:07][%mdl 4096] Endgame [#] KRR-KRB} d4 $1 40. Rb4 Rd8 {[%emt 0:00:00] aiming for ...d3.} 41. h3 e2 {[%emt 0:03:11] ( -> ...d3)} 42. Rb2 Rf8 43. Kh2 Rf1 (43... d3 $142 44. Rbb1 d2) 44. Rbb1 Rxb1 45. Rxb1 d3 {[%emt 0:00:06] Weighted Error Value: White=0.75/Black=0.20 (precise)} 0-1

[Event "Romanian Superleague 2022"]
[Site "Oradea"]
[Date "2022.09.25"]
[Round "5.1"]
[White "Efimenko, Zahar"]
[Black "Tarlev, Konstantin"]
[Result "1/2-1/2"]
[ECO "B31"]
[WhiteElo "2599"]
[BlackElo "2576"]
[Annotator "TA"]
[PlyCount "52"]
[EventDate "2022.09.21"]
[EventType "team-tourn"]
[EventCountry "ROU"]
[SourceTitle "playchess.com"]
[Source "ChessBase"]
[SourceQuality "1"]
[TimeControl "40/5400+30:1800+30"]

1. e4 c5 2. Nf3 Nc6 3. Bb5 g6 4. O-O Bg7 5. Nc3 e5 6. Nd5 {[%emt 0:00:37] B31: Sicilian: 2...Nc6 3 Bb5 g6.} Nge7 7. d3 O-O 8. Bc4 {[%emt 0:02:16] The position is equal.} h6 9. c3 d6 {[%emt 0:00:33] [#]} 10. Rb1 $146 ({Predecessor:} 10. Be3 Kh7 11. d4 Nxd5 12. Bxd5 cxd4 13. cxd4 Bg4 14. Bxc6 bxc6 15. dxe5 Bxe5 16. h3 Bxf3 17. Qxf3 Bxb2 {0-1 (41) Santos Ruiz,M (2427)-Li,C (2751) Caleta 2016}) 10... Nxd5 11. Bxd5 Ne7 12. Bc4 d5 13. exd5 Nxd5 14. Re1 Qd6 15. Nd2 Be6 16. Qb3 Rab8 17. Ne4 Qc6 {[%emt 0:02:30] [#] ...b5 is the strong threat.} 18. a4 {[%emt 0:00:05][%cal Oc1h6] Against b5} Rfd8 19. Be3 b6 {[%emt 0:00:18] And now ...f5 would win.} 20. f3 a6 21. Qc2 Nxe3 22. Rxe3 Bc8 23. b4 cxb4 24. cxb4 {[%emt 0:00:21][%cal Oc4f7] [#] Black must now prevent Bxf7+!} Qd7 {[%emt 0:04:03] Black is slightly better.} 25. Ree1 Kh7 26. b5 f5 {[%emt 0:01:30] Weighted Error Value: White=0.10 (very precise) /Black=0.03 (flawless)} 1/2-1/2

[Event "Romanian Superleague 2022"]
[Site "Oradea"]
[Date "2022.09.25"]
[Round "5.2"]
[White "Ionescu, Constantin"]
[Black "Baklan, Vladimir"]
[Result "1/2-1/2"]
[ECO "E16"]
[WhiteElo "2415"]
[BlackElo "2578"]
[Annotator "RC"]
[PlyCount "43"]
[EventDate "2022.09.21"]
[EventType "team-tourn"]
[EventCountry "ROU"]
[SourceTitle "playchess.com"]
[Source "ChessBase"]
[SourceQuality "1"]
[TimeControl "40/5400+30:1800+30"]

1. d4 Nf6 2. c4 e6 3. Nf3 Bb4+ 4. Nbd2 O-O 5. g3 b6 6. Bg2 Bb7 7. O-O h6 8. Qc2 Bxd2 9. Bxd2 d6 10. Bc3 Be4 11. Qc1 Nbd7 12. b3 a6 13. Re1 Ra7 14. Bf1 Ba8 15. Nd2 c5 16. e4 cxd4 17. Bxd4 e5 18. Bc3 Nc5 19. Qc2 Qb8 20. b4 Ne6 21. Qb2 Nh7 22. h4 1/2-1/2

[Event "Romanian Superleague 2022"]
[Site "Oradea"]
[Date "2022.09.25"]
[Round "5.3"]
[White "Nanu, Costica-Ciprian"]
[Black "Soltanici, Ruslan"]
[Result "0-1"]
[ECO "E51"]
[WhiteElo "2518"]
[BlackElo "2333"]
[Annotator "TA"]
[PlyCount "66"]
[EventDate "2022.09.21"]
[EventType "team-tourn"]
[EventCountry "ROU"]
[SourceTitle "playchess.com"]
[Source "ChessBase"]
[SourceQuality "1"]
[TimeControl "40/5400+30:1800+30"]

1. d4 Nf6 2. c4 e6 3. Nc3 Bb4 4. Bd2 O-O 5. Nf3 c5 6. a3 Bxc3 7. Bxc3 Ne4 8. Rc1 Nxc3 9. Rxc3 cxd4 10. Nxd4 d5 11. e3 dxc4 {[%emt 0:15:07] E51: Nimzo-Indian: Rubinstein: 4...0-0 5 Nf3 d5.} 12. Bxc4 ({Much worse is} 12. Rxc4 e5 13. Nf3 Qxd1+ 14. Kxd1 Be6 $11) 12... Qe7 13. Qh5 Bd7 {[%emt 0:07:26] White has an edge.} 14. O-O Nc6 {[%emt 0:03:50] [#]} 15. Nf3 $146 ({Predecessor:} 15. Nb3 Rfd8 16. Rfc1 Be8 17. Bd3 h6 18. Qe2 Rd6 19. g3 Ne5 20. Be4 Bc6 21. Bxc6 Nxc6 22. Nc5 Rad8 23. R3c2 Ne5 24. Ne4 {½-½ (24) Stettler,M (2365)-Blauert,J (2375) Germany 1992}) 15... Rfd8 16. h3 Be8 17. Rfc1 h6 18. b4 a6 19. Qg4 Rd6 20. Qe4 Rad8 21. Bb3 Kh8 22. Bc2 f5 23. Qc4 Qf6 24. Bb3 Bh5 {[%emt 0:01:33] aiming for ...Bxf3.} 25. Nh2 {[%emt 0:10:40][%mdl 8192] [#]} (25. Qh4 $11 {and White is okay.} Qxh4 26. Nxh4) 25... Ne5 $1 $19 26. Qc7 R6d7 27. Qb6 Nd3 28. R1c2 Nxb4 29. Qxb4 ({Much weaker is} 29. axb4 Rd1+ 30. Nf1 {[#]} Rxf1+ $1 31. Kh2 Rdd1 32. Rc8+ Kh7 33. Rh8+ (33. Qxe6 $2 {gets mated.} Rh1+ 34. Kg3 Qg5#) 33... Kxh8 $19) (29. Rc1 Nd3 30. R1c2) 29... Rd1+ 30. Nf1 {[%emt 0:00:05] [#]} Rxf1+ 31. Kh2 Rdd1 32. Rc8+ Kh7 {[%emt 0:00:03] ( -> ...Qg5)} 33. g4 Qh4 {[%emt 0:01:18] Weighted Error Value: White=0.69/Black=0.01 (flawless)} 0-1

[Event "Romanian Superleague 2022"]
[Site "Oradea"]
[Date "2022.09.25"]
[Round "5.4"]
[White "Cosma, Ioan"]
[Black "Rogozenco, Dorian"]
[Result "1/2-1/2"]
[ECO "D15"]
[WhiteElo "2367"]
[BlackElo "2438"]
[Annotator "TA"]
[PlyCount "51"]
[EventDate "2022.09.21"]
[EventType "team-tourn"]
[EventCountry "ROU"]
[SourceTitle "playchess.com"]
[Source "ChessBase"]
[SourceQuality "1"]
[TimeControl "40/5400+30:1800+30"]

1. d4 Nf6 2. Nf3 d5 3. c4 c6 4. Nc3 a6 5. e3 b5 6. b3 Bg4 7. cxd5 {[%emt 1:30:05] 7.a4 is the modern continuation. D15: Slav Defence: 4 Nc3 a6 and gambit lines after 4 Nc3 dxc4.} cxd5 8. h3 Bxf3 9. Qxf3 e5 10. dxe5 Bb4 11. Bd2 Bxc3 12. Bxc3 Ne4 {[%emt 0:00:04] [#]} 13. e6 $146 {[%emt 0:00:00][%csl Ge6][%cal Rf3f7][%mdl 2048] White is not keeping still} ({Predecessor:} 13. Bb4 Nc6 14. a3 Nxb4 15. axb4 Qc8 16. Kd1 Qc3 {0-1 (16) Eperjesi,L (2152)-Timar Geng,Z (1955) Eger 2016}) 13... Ra7 14. Bb4 {[%emt 0:00:00] Strongly threatening Rc1.} Nc6 15. e7 $2 (15. Bd3 $1 $11) 15... Rxe7 16. Bxb5 ({Don't go for} 16. Bxe7 $2 Qa5+ 17. b4 Nxb4 18. Bxb5+ Qxb5 $19) 16... axb5 17. Bxe7 Qxe7 18. O-O O-O 19. Qe2 b4 20. a3 h6 21. Qb5 Qd6 22. axb4 Nxb4 23. Qb7 Kh7 24. Ra4 {[%emt 0:00:00] The position is equal.} Nd3 {[%emt 0:02:33] [#] And now ...Ndc5 would win.} 25. Rd4 Ndc5 {[%emt 0:00:57] Pair of Knights!} 26. Qxd5 {[%emt 0:00:00] White happily takes the draw.  Weighted Error Value: White=0.15 (very precise) /Black=0.10 (very precise)} 1/2-1/2

[Event "Romanian Superleague 2022"]
[Site "Oradea"]
[Date "2022.09.25"]
[Round "5.5"]
[White "Anton, Teodor"]
[Black "Itkis, Boris"]
[Result "1/2-1/2"]
[ECO "A46"]
[WhiteElo "2454"]
[BlackElo "2332"]
[Annotator "TA"]
[PlyCount "81"]
[EventDate "2022.09.21"]
[EventType "team-tourn"]
[EventCountry "ROU"]
[SourceTitle "playchess.com"]
[Source "ChessBase"]
[SourceQuality "1"]
[TimeControl "40/5400+30:1800+30"]

1. Nf3 Nf6 2. d4 e6 3. Bg5 h6 4. Bh4 b6 5. e3 Bb7 6. a4 {[%emt 0:01:36] [#] A46: 1 d4 Nf6 2 Nf3 e6: Torre, London and Colle Systems.} a6 $146 ({Predecessor:} 6... Be7 7. a5 c5 8. Nc3 cxd4 9. exd4 bxa5 10. Bd3 Nc6 11. O-O O-O 12. Qe2 Nb4 13. Bb5 a6 {1-0 (55) Yanchenko,R (2467)-Hejazipour,M (2300) Chess.com INT 2020}) 7. Nbd2 c5 8. Be2 cxd4 9. exd4 Be7 10. O-O O-O 11. Re1 Nc6 12. Bf1 Nh5 13. Bxe7 Nxe7 14. Nc4 Nf6 15. Qd3 Qc7 16. a5 b5 17. Nb6 Rab8 18. c3 Ned5 19. Nxd5 Bxd5 20. Nd2 Rfc8 21. Rec1 Bc4 22. Qg3 Qxg3 (22... g6 {looks sharper.} 23. Qf3 Kg7 24. Bd3 Qd6) 23. hxg3 Bxf1 24. Kxf1 Nd5 25. Ke2 Rc6 26. Ne4 d6 27. f3 Rbc8 28. Kd2 f5 29. Nf2 b4 30. Nd1 (30. Nd3 $15 {should be considered.} bxc3+ 31. bxc3) 30... Kf7 31. Kd3 bxc3 32. bxc3 e5 33. Rab1 exd4 34. c4 Rc5 35. Kxd4 Ne7 36. Ne3 Nc6+ 37. Kd3 Ne5+ 38. Kd4 Nc6+ 39. Kd3 Nxa5 40. f4 Nc6 (40... g6 $17) 41. Nd5 {Weighted Error Value: White=0.08 (flawless) /Black=0.11 (very precise)} ({White should play} 41. Rb7+ $11 Kf8 42. Rcb1) 1/2-1/2

[Event "Romanian Superleague 2022"]
[Site "Oradea"]
[Date "2022.09.25"]
[Round "5.6"]
[White "Bulau, Andrei-Cristian"]
[Black "Antal, Hunor-Zoltan"]
[Result "1/2-1/2"]
[ECO "D26"]
[WhiteElo "2183"]
[BlackElo "2235"]
[Annotator "TA"]
[PlyCount "48"]
[EventDate "2022.09.21"]
[EventType "team-tourn"]
[EventCountry "ROU"]
[SourceTitle "playchess.com"]
[Source "ChessBase"]
[SourceQuality "1"]
[TimeControl "40/5400+30:1800+30"]

1. d4 d5 2. c4 dxc4 3. Nf3 Nf6 4. e3 e6 5. Bxc4 c5 6. O-O cxd4 7. Nxd4 a6 {[%emt 0:01:12] D26: Queen's Gambit Accepted: 4 e3 e6 5 Bxc5 c5 sidelines.} 8. Nc3 Bd6 9. h3 O-O {[%emt 0:03:23] The position is equal.} 10. b3 b5 {[%emt 0:04:11] [#]} 11. Bd3 $146 ({Predecessor:} 11. Be2 e5 12. Nf3 e4 13. Nd4 Qe7 14. f4 exf3 15. Bxf3 Ra7 16. Qe1 Qe5 17. Qh4 {0-1 (25) Stoppel,F-Wurdits,R Moesern 1977}) 11... Bb7 {[%emt 0:09:27] Inhibits Ne4.} 12. Bb2 Nbd7 13. Be2 {[%emt 0:05:11][%cal Od4e6] Nxe6! is the strong threat.} Ne5 14. f4 Ng6 15. Bf3 Bxf3 16. Qxf3 Qb6 17. Rfd1 e5 (17... Rac8 $11) 18. Nf5 $1 $14 Bc7 19. Kh1 {[%emt 0:04:08] White has more active pieces. The black rooks are badly placed.} ({White should play} 19. Rac1 $14) 19... exf4 20. exf4 {[%emt 0:01:53][%mdl 64] Remove Defender} Nxf4 $2 {[%emt 0:03:51] [#]} (20... Bxf4 $14 21. Nxg7 Rfd8) 21. Nxg7 $1 $18 Be5 (21... Kxg7 $2 22. Nd5 N4xd5 23. Rxd5 $18) (21... Rad8 22. Nf5) 22. Nd5 N6xd5 $14 {[%emt 0:04:54] White is slightly better.} 23. Bxe5 Qe3 24. Qxe3 Nxe3 {[%emt 0:00:15] Weighted Error Value: White=0.15 (very precise) /Black=0.19 (very precise)} 1/2-1/2

[Event "Romanian Superleague 2022"]
[Site "Oradea"]
[Date "2022.09.25"]
[Round "5.7"]
[White "Sumets, Andrey"]
[Black "Berkes, Ferenc"]
[Result "1/2-1/2"]
[ECO "D37"]
[WhiteElo "2513"]
[BlackElo "2651"]
[Annotator "TA"]
[PlyCount "38"]
[EventDate "2022.09.21"]
[EventType "team-tourn"]
[EventCountry "ROU"]
[SourceTitle "playchess.com"]
[Source "ChessBase"]
[SourceQuality "1"]
[TimeControl "40/5400+30:1800+30"]

1. d4 Nf6 2. Nf3 d5 3. c4 e6 4. Nc3 Be7 5. Bf4 O-O 6. e3 Nbd7 7. a3 {[%emt 0:01:15] D37: Queen's Gambit Declined: 5 Bf4.} c5 8. cxd5 Nxd5 9. Nxd5 exd5 10. dxc5 Nxc5 11. Be5 Bf6 12. Be2 Bxe5 {[%emt 0:00:18] [#] An even fight not without its subleties.  Weighted Error Value: White=0.05 (flawless) /Black=0.00 (flawless)} {Predecessor:} 13. Nxe5 $146 Bf5 14. Nf3 Be4 15. O-O Rc8 16. Rc1 Qf6 17. Qd4 Nb3 18. Qxf6 gxf6 19. Rxc8 Rxc8 {1-0 (44) Xu,Y (2554)-Zhao,J (2638) Xinghua 2021} 1/2-1/2

[Event "Romanian Superleague 2022"]
[Site "Oradea"]
[Date "2022.09.25"]
[Round "5.8"]
[White "Lupulescu, Constantin"]
[Black "Cioara, Andrei-Nestor"]
[Result "1/2-1/2"]
[ECO "B01"]
[WhiteElo "2614"]
[BlackElo "2407"]
[Annotator "TA"]
[PlyCount "45"]
[EventDate "2022.09.21"]
[EventType "team-tourn"]
[EventCountry "ROU"]
[SourceTitle "playchess.com"]
[Source "ChessBase"]
[SourceQuality "1"]
[TimeControl "40/5400+30:1800+30"]

1. e4 d5 2. exd5 Qxd5 3. Nc3 Qa5 4. d4 Nf6 5. Nf3 Bf5 6. Ne5 c6 7. h4 {[%emt 0:00:51] B01: Scandinavian Defence.} Nbd7 8. Nc4 Qc7 9. Qf3 {[%emt 0:00:19] White is slightly better.} Bg4 (9... Bxc2 $2 10. Bf4 e5 11. dxe5 $18) 10. Bf4 {[%emt 0:01:20] [#]} Bxf3 $146 ({Predecessor:} 10... e5 11. Qe3 Nd5 12. Nxd5 cxd5 13. Bxe5 Nxe5 14. Nxe5 Qa5+ 15. Qd2 Qxd2+ 16. Kxd2 Be6 {1-0 (23) Steindl,J (2265)-Schwabeneder,A (1998) Austria 2021}) 11. Bxc7 Nd5 12. Nxd5 {[%emt 0:20:12] White is more active.} ({Much worse is} 12. gxf3 Nxc7 13. O-O-O e6 $11) 12... Bxd5 13. Ne3 {[%emt 0:01:57] [#] aiming for c4.} Rc8 14. Bg3 {[%emt 0:08:31] Black must now prevent c4.} h5 15. f3 {[%emt 0:03:03] Threatens to win with c4.} Nf6 16. c4 Be6 {[%emt 0:00:09] The position is equal.} 17. Kf2 g6 18. Be2 Bh6 19. b4 O-O 20. a4 Rfd8 21. Rhd1 a6 22. a5 Ne8 23. Rac1 {[%emt 0:12:50] Weighted Error Value: White=0.11 (very precise) /Black=0.05 (flawless)} 1/2-1/2

[Event "Romanian Superleague 2022"]
[Site "Oradea"]
[Date "2022.09.25"]
[Round "5.9"]
[White "Stepanencu, Nicodim-Cosmin"]
[Black "Jianu, Vlad-Cristian"]
[Result "1/2-1/2"]
[ECO "B76"]
[WhiteElo "2289"]
[BlackElo "2511"]
[Annotator "TA"]
[PlyCount "46"]
[EventDate "2022.09.21"]
[EventType "team-tourn"]
[EventCountry "ROU"]
[SourceTitle "playchess.com"]
[Source "ChessBase"]
[SourceQuality "1"]
[TimeControl "40/5400+30:1800+30"]

1. e4 c5 2. Nf3 d6 3. d4 cxd4 4. Nxd4 Nf6 5. Nc3 g6 6. Be3 Bg7 7. f3 Nc6 8. Qd2 O-O 9. O-O-O d5 10. exd5 Nxd5 11. Nxc6 bxc6 12. Bd4 e5 13. Bc5 Re8 {[%emt 0:00:14] is now debated instead of 13...Be6.} 14. Ne4 {[%emt 0:09:04] B76: Sicilian Dragon: Yugoslav Attack, 9 g4 and 9 0-0-0.} Qc7 15. h4 {[%emt 0:12:17] White is more active.} f5 16. Nd6 Rd8 {[%emt 0:00:07] [#] Black did not feel at home in the position after the opening.  Weighted Error Value: White=0.00 (flawless) /Black=0.11 (very precise)} {Predecessor:} 17. Nxc8 $146 Raxc8 18. h5 Nb6 19. Bxb6 Rxd2 20. Bc4+ Kf8 21. Bxc7 Rxd1+ 22. Rxd1 Bh6+ 23. Kb1 Rxc7 {½-½ (70) Van Foreest,J (2701)-Abasov,N (2665) Prague 2021} 1/2-1/2

[Event "Romanian Superleague 2022"]
[Site "Oradea"]
[Date "2022.09.25"]
[Round "5.10"]
[White "Parligras, Mircea-Emilian"]
[Black "Vajda, Albert"]
[Result "1-0"]
[ECO "D36"]
[WhiteElo "2560"]
[BlackElo "2305"]
[Annotator "RC"]
[PlyCount "65"]
[EventDate "2022.09.21"]
[EventType "team-tourn"]
[EventCountry "ROU"]
[SourceTitle "playchess.com"]
[Source "ChessBase"]
[SourceQuality "1"]
[TimeControl "40/5400+30:1800+30"]

1. d4 d5 2. c4 e6 3. Nc3 Nf6 4. cxd5 exd5 5. Bg5 Be7 6. e3 c6 7. Bd3 O-O 8. Nf3 Nbd7 9. Qc2 Re8 10. O-O Nf8 11. Rab1 h6 12. Bf4 a5 13. a3 Ne6 14. Bg3 Bd6 15. Bh4 Nc7 16. h3 Bd7 17. e4 dxe4 18. Nxe4 Be7 19. Bxf6 gxf6 20. Ng3 Bf8 21. Qd2 Nd5 22. Bc2 Ne7 23. Nh4 Bg7 24. Rfe1 Be6 25. Rbd1 a4 26. Qd3 f5 27. Nh5 Qd6 28. Re3 Kh8 29. Rg3 Rg8 30. d5 cxd5 31. Nxg7 Rxg7 32. Qd4 Rag8 33. Qf6 1-0

[Event "Romanian Superleague 2022"]
[Site "Oradea"]
[Date "2022.09.25"]
[Round "5.11"]
[White "Balla, Tamas-Kristof"]
[Black "Gavrilescu, David"]
[Result "0-1"]
[ECO "A01"]
[WhiteElo "2325"]
[BlackElo "2523"]
[Annotator "TA"]
[PlyCount "52"]
[EventDate "2022.09.21"]
[EventType "team-tourn"]
[EventCountry "ROU"]
[SourceTitle "playchess.com"]
[Source "ChessBase"]
[SourceQuality "1"]
[TimeControl "40/5400+30:1800+30"]

1. b3 e5 2. Bb2 Nc6 3. c4 Nf6 4. e3 d5 5. cxd5 Nxd5 6. a3 Bd6 7. d3 {[%emt 0:01:16] A01: Nimzowitsch-Larsen Opening.} O-O 8. Nf3 {[%emt 0:00:05] 8.Nd2 is more advanced technology.} a5 9. Nbd2 {[%emt 0:01:10] The position is equal.} Qe7 {[%emt 0:00:32] [#]} 10. Nc4 $146 ({Predecessor:} 10. Be2 Bg4 11. Qc2 Kh8 12. h3 Bh5 13. g4 Bg6 14. h4 h6 15. h5 Bh7 16. Rg1 {½-½ (49) Artemiev,V (2731)-Le,Q (2713) Bucharest 2019}) 10... f5 11. Be2 b5 12. Nxd6 cxd6 13. d4 e4 14. Bxb5 Bd7 15. Bc4 Be6 16. Nd2 f4 $36 {[%emt 0:06:20][%mdl 2048] Black has some pressure.} 17. Qe2 a4 18. Nxe4 fxe3 {[%emt 0:05:00] [#] White must now prevent ...Nf4.} 19. fxe3 {[%emt 0:03:43] This move loses the game for White.} (19. O-O $11) 19... Rae8 (19... Na5 $19 20. Nf2 axb3) 20. O-O-O $17 Na5 {[%emt 0:03:27] Pair of Knights!} 21. Nd2 ({Don't go for} 21. bxa4 $2 Nxc4 22. Rd3 Bf5 $19) (21. Rdf1 $17 {is a better defense.}) 21... axb3 22. Bd3 ({Not} 22. e4 $2 Nf4 23. Bxe6+ Qxe6 $19) (22. Bxd5 $17 {was worth a try.} Bxd5 23. Kb1) 22... Bf5 {[%emt 0:02:17] Chess con chili.} 23. Rde1 $2 (23. Bxf5 Rxf5 24. Kb1 Nxe3 25. Rde1) 23... Qc7+ $19 24. Bc4 {[%emt 0:02:21] [#]} Rxe3 $3 {[%emt 0:00:23][%mdl 576] Deflection} 25. Qxe3 (25. Kd1 Bc2+) 25... Nxc4 26. Qxb3 Na5+ {[%emt 0:00:07] Weighted Error Value: White=0.91/Black=0.11 (very precise)} 0-1